 Dungeon Crawl Stone Soup version 0.29.1-1-gd02db6906a (webtiles) character file.

Game seed: 1854505032832389378

210 Earthwalker the Trooper (level 5, -2/47 HPs)
             Began as a Minotaur Fighter on Oct 15, 2022.
             Slain by a gnoll
             ... wielding a +0 halberd
              (8 damage)
             ... on level 4 of the Dungeon.
             The game lasted 00:03:11 (1894 turns).

Earthwalker the Trooper (Minotaur Fighter)          Turns: 1894, Time: 00:03:12

Health: -2/47      AC:  7    Str: 22    XL:     5   Next: 56%
Magic:  4/4        EV: 10    Int:  5    God:
Gold:   165        SH:  4    Dex: 10    Spells: 4/4 levels left

rFire   . . .      SeeInvis .   a - +0 war axe
rCold   . . .      Faith    .   c - +0 buckler
rNeg    . . .      Spirit   .   b - +0 scale mail
rPois   .          Reflect  .   (helmet restricted)
rElec   .          Harm     .   (no cloak)
rCorr   .          Rampage  .   (no gloves)
Will    .....                   (no boots)
Stlth   ..........              (no amulet)
HPRegen 0.15/turn               (no ring)
MPRegen 0.09/turn               (no ring)

@: no status effects
A: horns 2, retaliatory headbutt
a: no special abilities


You were on level 4 of the Dungeon.
You visited 1 branch of the dungeon, and saw 5 of its levels.

You collected 165 gold pieces.

Inventory:

Hand Weapons
 a - a +0 war axe (weapon)
Armour
 b - a +0 scale mail (worn)
 c - a +0 buckler (worn)
Scrolls
 f - a scroll of identify {unknown}
 g - a scroll of fog {unknown}
 i - a scroll of noise {unknown}
 k - a scroll of poison {unknown}
 n - a scroll of summoning {unknown}
Potions
 d - a potion of might
 e - 2 potions of lignification {unknown}
 h - a potion of invisibility {unknown}
 j - a potion of brilliance {unknown}
 l - 2 potions of attraction {unknown}
 m - a potion of flight {unknown}
 o - a potion of cancellation {unknown}
 p - a potion of haste {unknown}


   Skills:
 * Level 4.7 Fighting
 * Level 3.7 Axes
 * Level 4.7 Armour
 * Level 2.3 Dodging
 * Level 4.7 Shields


You had 4 spell levels left.
You didn't know any spells.
Your spell library contained the following spells:

 Spells                   Type           Power      Damage    Failure   Level
 Gell's Gravitas          Tloc           0%         N/A       99%         3
 Lesser Beckoning         Tloc           0%         N/A       99%         3
 Teleport Other           Tloc           0%         N/A       99%         3


Dungeon Overview and Level Annotations

Branches:
Dungeon (5/15)
 Temple: D:4-7

Altars:
Xom

Shops:
D:2 (


Innate Abilities, Weirdness & Mutations

You have a pair of horns on your head.
You reflexively headbutt those who attack you in melee.


Message History

You are too injured to fight recklessly!
You are too injured to fight recklessly!
You closely miss the gnoll bouda.
The gnoll bouda barks out a call to the hunt!
The gnolls pick up the pace!
The gnoll bouda hits you with a +0 club.
You hear a shout! x2
You hit the gnoll bouda but do no damage.
You headbutt the gnoll bouda.
The gnoll bouda is moderately wounded.
A gnoll comes into view. It is wielding a +0 flail.
The gnoll bouda barks out a call to the hunt!
The gnoll picks up the pace!
You barely miss the gnoll bouda.
The gnoll bouda is moderately wounded.
The gnoll bouda barely misses you.
A gnoll comes into view. It is wielding a +0 club.
You barely miss the gnoll bouda. Your headbutt misses the gnoll bouda.
The gnoll bouda is moderately wounded.
The gnoll bouda hits you with a +0 club!
* * * LOW HITPOINT WARNING * * *
The gnoll bouda hits you with a +0 club.
* * * LOW HITPOINT WARNING * * *
You hit the gnoll bouda but do no damage.
You headbutt the gnoll bouda.
The gnoll bouda is moderately wounded.
The gnoll bouda barks out a call to the hunt!
The gnoll picks up the pace!
You slash the gnoll bouda! Your headbutt misses the gnoll bouda.
The gnoll bouda is almost dead.
The gnoll bouda barely misses you.
You slash the gnoll bouda!
You kill the gnoll bouda!
You slash the gnoll! You headbutt the gnoll.
You kill the gnoll!
You barely miss the gnoll. You headbutt the gnoll.
The gnoll is moderately wounded.
The gnoll completely misses you.
The gnoll hits you from afar with a +0 halberd!
You die...

#.# ...
..# ..# ..
.#
...#####.#
#..g.gg@.#
..########


You could see 3 gnolls.

Vanquished Creatures
  A black bear (D:5)
  A gnoll bouda (D:4)
  3 adders
  A gnoll (D:4)
  A worm (D:2)
  3 dart slugs
  7 endoplasms
  A giant cockroach (D:2)
  5 goblins
  3 hobgoblins
  3 kobolds
  3 quokkas
  4 bats (D:1)
  3 frilled lizards
  3 rats (D:1)
42 creatures vanquished.

Notes
Turn   | Place    | Note
-------+----------+-------------------------------------------
     0 | D:1      | Earthwalker the Minotaur Fighter began the quest for the
                  | Orb.
     0 | D:1      | Reached XP level 1. HP: 19/19 MP: 0/0
   397 | D:1      | Reached XP level 2. HP: 15/27 MP: 1/1
   764 | D:1      | Reached skill level 1 in Dodging
   788 | D:1      | Found a faded altar of an unknown god.
   967 | D:2      | Found Tetaec's Weapon Shop.
   980 | D:2      | Identified the +0 leather armour "Qunke" {rC++ Regen+ Dex+2
                  | Slay-5}
  1046 | D:2      | Reached XP level 3. HP: 33/33 MP: 2/2
  1100 | D:2      | Found a shimmering altar of Xom.
  1799 | D:3      | Noticed a centaur
  1804 | D:3      | Reached XP level 4. HP: 34/40 MP: 3/3
  1804 | D:3      | You fall into a shaft and drop 2 floors!
  1804 | D:5      | Entered Level 5 of the Dungeon
  1873 | D:5      | Noticed a black bear
  1883 | D:5      | Killed a black bear
  1884 | D:5      | Reached XP level 5. HP: 20/47 MP: 4/4
  1894 | D:4      | Slain by a gnoll

Illustrated notes

Levels and vault maps discovered:
D:1:      minmay_arrival_checkered_box, layout_basic,
          dreamdust_ecumenical_altar_statues, minmay_split_cup_large
D:2:      layout_loops_ring, serial_shops, nicolae_square_shop, basic_altar
D:3:      layout_loops_ring, uniq_grinder
D:4:      layout_loops_cross, mainiacjoe_overflow_paths, minivault_11
D:5:      layout_basic, nicolae_hepliaklqana_monster_ancestors, uniq_duvessa

Skill      XL: |  1  2  3  4 |
---------------+-------------+-----
Dodging        | 1 2 |  2.3
Shields        | 4 |  4.7
Fighting       | 4 |  4.7
Armour         | 4 |  4.7
Axes           | 3 |  3.7

Action                   |  1- 3 |  4- 6 || total
-------------------------+-------+-------++-------
Melee: War axe           |    83 |    16 ||    99
       Headbutt          |     8 |     6 ||    14
Armor: Scale mail        |    48 |     6 ||    54
Dodge: Dodged            |    40 |    10 ||    50
Block: Buckler           |    19 |     4 ||    23
